Map: Interloper LE

Players

Poizon

  • Race: Protoss Protoss
  • Spawn Location: 11:00

PtitDrogo - Winner!

  • Race: Protoss Protoss
  • Spawn Location: 5:00

Event: WCS Montreal 2017

VOD

Have the link to the VOD?

Description

Time

  • Played on: Sept. 8, 2017, 11:44 a.m.
  • Length: 8:17

All games in this series

Show
View Real Time Build Order
Export as new Build Order

Poizon Protoss 

Build Orders:  

Get SALT Encoding   

  12  0:01  Probe (Chrono Boost)  
  13  0:11  Probe (Chrono Boost)  
  14  0:18  Pylon  
  14  0:22  Probe (Chrono Boost)  
  15  0:36  Probe (Chrono Boost)  
  15  0:38  Gateway  
  16  0:44  Assimilator  
  16  0:47  Probe (Chrono Boost)  
  17  0:57  Probe (Chrono Boost)  
  17  1:01  Gateway  
  18  1:06  Assimilator  
  18  1:09  Probe (Chrono Boost)  
  19  1:20  Probe (Chrono Boost)  
  20  1:30  Cybernetics Core  
  20  1:31  Probe (Chrono Boost)  
  21  1:36  Pylon  
  21  1:48  Pylon  
  21  1:49  Probe (Chrono Boost)  
  22  2:00  Probe (Chrono Boost)  
  23  2:06  Stalker  
  25  2:08  Warp Gate  
  25  2:13  Stalker  
  27  2:21  Mothership Core (Chrono Boost)  
  29  2:38  Stalker  
  30  2:46  Stalker  
  30  2:51  Probe (Chrono Boost)  
  33  2:58  Robotics Facility  
  33  3:01  Probe (Chrono Boost)  
  34  3:10  Pylon  
  34  3:27  Pylon  
  34  3:28  Stalker  
  34  3:29  Stalker  
  38  3:44  Pylon  
  38  3:53  Immortal (Chrono Boost)  
  36  4:24  Stalker x2  
  36  4:30  Immortal (Chrono Boost)  
  44  4:34  Probe  
  45  4:46  Probe  
  45  4:49  Stalker  
  46  4:58  Probe  
  43  5:20  Nexus  
  43  5:22  Observer (Chrono Boost)  
  43  5:24  Probe  
  45  5:31  Sentry x2  
  49  5:36  Probe  
  50  5:52  Warp Prism (Chrono Boost)  
  52  5:57  Probe (Chrono Boost)  
  53  6:08  Probe (Chrono Boost)  
  54  6:13  Pylon  
  54  6:22  Probe (Chrono Boost)  
  56  6:32  Probe (Chrono Boost)  
  56  6:38  Probe (Chrono Boost)  
  57  6:43  Colossus (Chrono Boost)  
  57  6:45  Probe (Chrono Boost)  
  58  6:52  Probe (Chrono Boost)  
  59  6:56  Pylon  
  59  6:58  Pylon  
  59  7:03  Stalker x2  
  63  7:12  Observer (Chrono Boost)  
  63  7:13  Probe  
  63  7:15  Probe  
  53  7:59  Adept  
Show
View Real Time Build Order
Export as new Build Order

PtitDrogo Protoss - Winner!

Build Orders:  

Get SALT Encoding   

  12  0:01  Probe (Chrono Boost)  
  13  0:11  Probe (Chrono Boost)  
  14  0:18  Pylon  
  14  0:22  Probe (Chrono Boost)  
  15  0:36  Probe (Chrono Boost), Gateway  
  15  0:41  Assimilator  
  16  0:47  Probe (Chrono Boost)  
  17  0:51  Assimilator  
  17  0:57  Probe (Chrono Boost)  
  18  1:04  Gateway  
  18  1:08  Probe (Chrono Boost)  
  20  1:18  Probe (Chrono Boost)  
  20  1:25  Cybernetics Core  
  20  1:29  Probe (Chrono Boost)  
  21  1:36  Pylon  
  21  1:39  Probe (Chrono Boost)  
  22  1:50  Probe (Chrono Boost)  
  23  2:01  Stalker x2  
  23  2:02  Warp Gate (Chrono Boost)  
  27  2:10  Mothership Core  
  29  2:16  Pylon  
  29  2:36  Stalker  
  29  2:37  Stalker  
  33  2:52  Probe  
  34  3:06  Stalker  
  34  3:07  Stalker  
  38  3:19  Nexus  
  38  3:27  Pylon  
  38  3:42  Robotics Facility  
  38  3:47  Probe  
  38  3:54  Adept x2  
  42  3:59  Probe  
  43  4:06  Pylon  
  43  4:13  Probe  
  38  4:25  Probe  
  38  4:26  Adept x2  
  43  4:40  Immortal (Chrono Boost)  
  45  4:48  Probe  
  46  5:04  Sentry  
  46  5:05  Sentry  
  52  5:14  Immortal (Chrono Boost)  
  52  5:16  Probe, Gateway  
  52  5:17  Probe  
  52  5:21  Pylon  
  52  5:27  Probe  
  53  5:30  Probe  
  53  5:34  Pylon  
  54  5:36  Sentry, Pylon  
  54  5:38  Sentry  
  54  5:39  Probe  
  59  5:43  Probe  
  60  5:52  Warp Prism (Chrono Boost), Probe  
  60  5:56  Probe  
  64  6:03  Probe  
  64  6:06  Sentry  
  64  6:07  Sentry, Pylon  
  64  6:08  Probe  
  70  6:13  Probe  
  70  6:15  Colossus (Chrono Boost), Pylon  
  71  6:18  Adept  
  71  6:20  Probe  
  71  6:25  Twilight Council  
  74  6:26  Observer (Chrono Boost)  
  74  6:29  Probe  
  74  6:32  Probe  
  77  6:35  Assimilator  
  77  6:36  Assimilator  
  77  6:42  Probe  
  77  6:45  Adept x2  
  77  6:46  Adept  
  84  7:07  Adept x3  
  90  7:09  Probe  
  91  7:29  Immortal (Chrono Boost)  
  95  7:31  Gateway  
  95  7:33  Gateway  
  95  7:34  Gateway  
  95  7:45  Adept x3  
  101  7:52  Pylon  
  83  8:15  Stalker x3  
Tags
 
Add a new tag
Caveats
  • Supply blocks, unpowered buildings, or Contaminate may cause inaccurate times.
  • Supply counts are checked every 10 seconds.